AoeStats
← Lord_Wilfredo

Black Forest

509597830Analyzed
4v4 RM · 4d ago on Sep 27, 2026· 71m 57s· 8 players
Game mode
Random Map
Map size
Large (8 player)
Population
200
Speed
Normal
Resources
Standard
Victory
Conquest
Starting age
Dark Age
Ending age
Imperial Age
RankedLock teamsTeams togetherTeam positionsShared explorationLock speedFull tech treeHidden civsTurbo modeCheats
Victory
Defeat
🇳🇱 Vietnamese · Netherlands
1316
+15
🇦🇷 Franks · Argentina
1297
+16
🇨🇳 Persians · China
1237
+18
🇫🇷 Bulgarians · France
1220
+18
🇬🇧 Bohemians · United Kingdom
1308
-18
🇮🇱 Inca · Israel
1292
-17
🇪🇸 Mongols · Spain
1272
-16
🇪🇸 Ethiopians · Spain
1267
-16
Señor JP
2:07 Loom
10:54 Feudal Age
11:30 Double-Bit Axe
11:26 Horse Collar
12:14 Gold Mining
15:23 Wheelbarrow
20:26 Castle Age
19:02 Stone Mining
21:39 Bow Saw
21:29 Heavy Plow
26:05 Wheelbarrow
25:16 Town Watch
29:37 Imperial Age
27:32 Hand Cart
28:42 Ballistics
31:26 Chemistry
31:06 Town Patrol
31:19 Caravan
32:16 Siege Engineers
34:00 Torsion Engines
35:08 Heavy Scorpion
38:14 Murder Holes
38:29 Masonry
38:26 Scale Mail Armor
38:36 Forging
38:29 Padded Archer Armor
38:19 Fletching
40:46 Royal Heirs
41:06 Conscription
40:07 Elite Shotel Warrior
41:36 Architecture
41:26 Chain Mail Armor
41:46 Iron Casting
41:26 Leather Archer Armor
41:12 Bodkin Arrow
43:52 Squires
43:37 Arson
47:42 Plate Mail Armor
48:12 Blast Furnace
47:14 Bracer
47:29 Leather Archer Armor
Soul Ledger
8:50 Loom
13:02 Feudal Age
17:04 Castle Age
17:23 Horse Collar
17:31 Double-Bit Axe
18:24 Wheelbarrow
25:36 Bow Saw
26:25 Heavy Plow
29:55 Imperial Age
29:32 Chemistry
29:19 Hand Cart
29:43 Wagenburg Tactics
30:04 Houfnice
30:08 Pikeman
31:19 Squires
31:55 Conscription
32:28 Hussite Reforms
33:13 Herbal Medicine
33:54 Theocracy
33:50 Sanctity
33:57 Illumination
34:58 Siege Engineers
35:11 Halberdier
41:06 Block Printing
42:59 Forging
42:50 Scale Mail Armor
43:32 Caravan
46:09 Chain Mail Armor
46:30 Iron Casting
47:41 Plate Mail Armor
56:16 Redemption
56:09 Atonement
56:20 Fervor
56:12 Devotion
57:32 Heresy
CARANZA
2:52 Loom
11:38 Feudal Age
12:13 Double-Bit Axe
16:03 Castle Age
13:56 Gold Mining
13:57 Stone Mining
15:57 Horse Collar
16:52 Fletching
17:03 Padded Archer Armor
21:58 Wheelbarrow
24:20 Bloodlines
25:32 Bow Saw
25:26 Heavy Plow
27:55 Bodkin Arrow
28:20 Husbandry
32:16 Imperial Age
31:34 Gold Shaft Mining
32:18 Hand Cart
32:21 Leather Archer Armor
33:18 Bracer
34:24 Elite Mangudai
36:48 Caravan
37:20 Forging
37:16 Scale Barding Armor
39:36 Capped Ram
40:58 Drill
40:41 Siege Ram
41:47 Conscription
43:22 Parthian Tactics
48:51 Iron Casting
49:34 Heavy Camel Rider
52:06 Blast Furnace
51:26 Chain Barding Armor
56:11 Scale Mail Armor
56:40 Light Cavalry
64:00 Hussar
Mike
1:17 Loom
18:38 Feudal Age
22:27 Castle Age
20:53 Double-Bit Axe
21:10 Horse Collar
23:46 Bow Saw
25:55 Bow Saw
26:14 Heavy Plow
27:28 Wheelbarrow
28:23 Heavy Plow
28:14 Gold Mining
32:05 Hand Cart
35:21 Imperial Age
33:12 Scale Mail Armor
33:23 Forging
33:48 Forging
34:41 Chain Mail Armor
36:09 Iron Casting
40:25 Iron Casting
40:20 Plate Mail Armor
42:03 Block Printing
zabijucha
0:39 Loom
16:24 Feudal Age
16:56 Double-Bit Axe
19:03 Fletching
23:23 Castle Age
22:13 Horse Collar
24:57 Bow Saw
26:21 Heavy Plow
32:22 Imperial Age
30:01 Scale Mail Armor
30:06 Squires
29:52 Arson
31:17 Chain Mail Armor
31:12 Town Watch
31:35 Gold Mining
34:05 Chemistry
35:56 Plate Mail Armor
36:15 Forging
38:03 Two-Man Saw
37:42 Wheelbarrow
38:10 Elite Fire Lancer
40:19 Caravan
41:40 Iron Casting
41:48 Siege Engineers
44:31 Hand Cart
46:03 Coinage
49:31 Masonry
49:38 Bodkin Arrow
50:29 Bracer
59:49 Scale Barding Armor
61:09 Bloodlines
60:59 Husbandry
60:20 Light Cavalry
61:38 Hoardings
61:24 Paper Money
61:53 Chain Barding Armor
62:45 Plate Barding Armor
61:33 Elite Battle Elephant
66:25 Ballistics
67:24 Capped Ram
mathlemas
1:00 Loom
13:01 Feudal Age
17:29 Castle Age
15:32 Horse Collar
17:14 Double-Bit Axe
17:52 Gold Mining
23:21 Fervor
25:20 Bow Saw
26:03 Wheelbarrow
26:16 Stone Mining
27:48 Hand Cart
34:45 Imperial Age
32:47 Scale Mail Armor
33:51 Chain Mail Armor
34:13 Town Watch
34:02 Pikeman
34:43 Squires
34:57 Forging
35:17 Fletching
34:50 Capped Ram
36:03 Siege Ram
36:37 Gambesons
37:39 Onager
39:36 Iron Casting
38:33 Siege Ram
40:10 Arson
41:38 Plate Mail Armor
42:14 Blast Furnace
44:01 Scale Barding Armor
43:33 Halberdier
45:26 Bloodlines
45:16 Husbandry
44:37 Cavalier
45:47 Chain Barding Armor
46:46 Plate Barding Armor
49:25 Fletching
51:20 Heavy Plow
59:39 Light Cavalry
64:21 Bodkin Arrow
老牌休闲玩家
4:29 Loom
11:21 Feudal Age
14:58 Castle Age
13:31 Double-Bit Axe
13:30 Horse Collar
15:59 Wheelbarrow
16:15 Bow Saw
17:05 Heavy Plow
20:40 Town Watch
21:14 Stone Mining
23:46 Hand Cart
23:44 Gold Mining
31:05 Imperial Age
29:59 Scale Barding Armor
30:23 Masonry
30:09 Murder Holes
30:35 Ballistics
31:47 Conscription
30:49 Elite War Elephant
31:43 Forging
31:55 Chain Barding Armor
33:17 Two-Man Saw
32:48 Crop Rotation
33:28 Plate Barding Armor
33:30 Iron Casting
33:59 Chemistry
33:30 Architecture
34:34 Caravan
35:07 Coinage
34:50 Guilds
35:11 Coinage
35:48 Blast Furnace
35:20 Fletching
39:06 Fervor
39:38 Banking
42:10 Husbandry
42:27 Bloodlines
58:59 Onager
Lord_Wilfredo
10:55 Feudal Age
14:44 Castle Age
12:39 Double-Bit Axe
15:38 Bow Saw
23:28 Gold Mining
26:45 Imperial Age
24:02 Loom
25:23 Wheelbarrow
24:55 Scale Barding Armor
25:01 Forging
25:38 Chain Barding Armor
26:38 Iron Casting
27:00 Gold Shaft Mining
26:53 Cavalier
29:22 Chemistry
29:12 Hand Cart
29:20 Town Watch
30:25 Paladin
32:35 Devotion
33:53 Blast Furnace
33:32 Plate Barding Armor
34:10 Conscription
38:04 Caravan
39:16 Fletching
40:44 Bodkin Arrow
40:50 Padded Archer Armor
41:12 Ballistics
42:26 Leather Archer Armor
46:22 Light Cavalry
47:03 Husbandry
62:51 Scale Mail Armor
62:16 Pikeman
62:56 Squires
62:41 Gambesons
64:13 Halberdier
66:12 Chain Mail Armor
Connection lost

Rejoining the realm…

Still unreachable

The connection could not be restored.

Session expired

The server has moved on; the page needs a fresh start.